 Dungeon Crawl Stone Soup version 0.20.1-1-g8b1a95d (webtiles) character file.

1329 Gargoyl the Covered (level 8, -3/70 HPs)
             Began as a Minotaur Abyssal Knight on Oct 24, 2017.
             Was an Elder of Lugonu.
             Slain by an orc warrior
             ... wielding a +0 short sword
              (15 damage)
             ... on level 6 of the Dungeon on Oct 25, 2017.
             The game lasted 00:09:35 (5685 turns).

Gargoyl the Covered (Minotaur Abyssal Knight)       Turns: 5685, Time: 00:09:35

Health: -3/70      AC: 13    Str: 18    XL:     8   Next: 34%
Magic:  10/10      EV:  7    Int:  9    God:    Lugonu [****..]
Gold:   254        SH:  0    Dex: 11    Spells: 7/7 levels left

rFire    + . .     SeeInvis .   a - +1 hand axe
rCold    . . .     Gourm    .   (no shield)
rNeg     . . .     Faith    .   f - +0 chain mail
rPois    .         Spirit   .   (helmet restricted)
rElec    .         Reflect  .   o - scarf {repulsion}
rCorr    .         Harm     .   b - +2 pair of gloves
MR       .....     Rnd*Rage +   (no boots)
Stlth    ..........             (no amulet)
Regen    0.3/turn               (no ring)
MPRegen  0.2/turn               (no ring)

@: drained, repel missiles
A: retaliatory headbutt, horns 2, camouflage 1, berserk 1, fire resistance 1,
MP-powered wands
a: Depart the Abyss, Bend Space, Banish, Corrupt, Renounce Religion


You were on level 6 of the Dungeon.
You worshipped Lugonu.
Lugonu was greatly pleased with you.
You were hungry.

You visited 1 branch of the dungeon, and saw 6 of its levels.
You visited the Abyss 1 time.

You collected 254 gold pieces.

Inventory:

Hand Weapons
 a - a +1 hand axe (weapon)
Missiles
 h - 7 tomahawks (quivered)
Armour
 b - a +2 pair of gloves (worn)
 f - a +0 chain mail (worn)
 o - a scarf of repulsion (worn)
Wands
 r - a wand of random effects (29/48)
Scrolls
 g - 4 scrolls of remove curse
 n - a scroll of identify
Potions
 i - 3 potions of agility
 j - a potion of heal wounds
 k - 3 potions of invisibility
 l - 7 potions of brilliance
 m - a potion of haste {unknown}
 p - 2 potions of might {unknown}
 q - 2 potions of mutation
 s - a potion of curing
Books
 t - a book of Maledictions

   Spells                             Type                      Level
   a - Corona                         Hexes                        1
   b - Ensorcelled Hibernation        Hexes/Ice                    2
   c - Confuse                        Hexes                        3
   d - Tukima's Dance                 Hexes                        3
   e - Dazzling Spray                 Conjuration/Hexes            3
 v - Kikubaaqudgha's Catalogue of Black Rituals
   (You found it on level 3 of the Dungeon)

   Spells                             Type                      Level
   a - Animate Skeleton               Necromancy                   1
Comestibles
 c - 3 bread rations
 u - a fruit
 w - 2 meat rations


   Skills:
 + Level 5.9(5.0) Fighting
 + Level 7.1(6.1) Axes
 + Level 0.8(0.0) Throwing
 * Level 7.8(6.8) Armour
 + Level 1.4(0.6) Dodging
 * Level 4.2(3.3) Invocations


You had 7 spell levels left.
You didn't know any spells.

Dungeon Overview and Level Annotations

Branches:
Dungeon (6/15)             Temple (0/1) D:5

Altars:
Kikubaaqudgha
Nemelex Xobeh
Ru
Sif Muna
Vehumet
Xom
The Shining One


Innate Abilities, Weirdness & Mutations

You reflexively headbutt those who attack you in melee.
You have a pair of horns on your head.
Your skin changes colour to match your surroundings (Stealth+).
You tend to lose your temper in combat.
Your flesh is heat resistant. (rF+)
You expend magic power (3 MP) to strengthen your wands.


Message History

The orc warrior is heavily wounded.
The orc warrior barely misses you.
You closely miss the orc warrior.
The orc warrior is heavily wounded.
The orc shouts!
You hear a shout!
The orc warrior hits you but does no damage.
You hit the orc warrior but do no damage.
The orc warrior is heavily wounded.
The orc warrior hits you with a short sword!
You hit the orc warrior but do no damage.
You headbutt the orc warrior, but do no damage.
The orc warrior is heavily wounded.
You hit the orc.
The orc warrior hits you with a short sword!
* * * LOW HITPOINT WARNING * * *
Your chain mail prevents you from hitting the orc warrior.
The orc warrior is heavily wounded.
You barely miss the orc. The orc barely misses you.
The orc warrior hits you with a short sword!
You die...

#####
#...#
#o@.#
#oo.#
#...#
o...+
##...#
##...
#...
#....


You could see an orc warrior, an orc wizard and 2 orcs.

Vanquished Creatures
  Grinder (D:3)
  3 ogres (D:4)
  2 centaurs (D:5)
  A bullfrog (D:4)
  A wight (D:5)
  A centaur zombie (D:5)
  A jelly (D:5)
  5 orc wizards (D:4)
  A bullfrog skeleton (D:5)
  A gnoll shaman (D:5)
  An iguana (D:4)
  Ijyb (D:3)
  2 worker ants
  8 gnolls (D:5)
  8 adders
  2 shadow imps (D:5)
  2 oozes
  An adder skeleton (D:4)
  An adder zombie (D:5)
  2 worms (D:3)
  4 dart slugs
  4 leopard geckos
  10 orcs
  4 ball pythons
  2 giant cockroaches
  12 goblins
  4 hobgoblins
  10 jackals
  2 quokkas (D:2)
  11 bats
  6 frilled lizards
  6 kobolds
  A quokka skeleton (D:5)
  7 rats
128 creatures vanquished.

Notes
Turn   | Place    | Note
-------+----------+-------------------------------------------
     0 | Abyss:1  | Gargoyl the Minotaur Abyssal Knight began the quest for the Orb.
     0 | Abyss:1  | Reached XP level 1. HP: 19/19 MP: 1/1
   125 | Abyss:1  | Noticed a crimson imp
   143 | Abyss:1  | Gained mutation: You tend to lose your temper in combat. [potion of mutation]
   143 | Abyss:1  | Gained mutation: Your flesh is heat resistant. (rF+) [potion of mutation]
   143 | Abyss:1  | Gained mutation: You expend magic power (3 MP) to strengthen your wands. [potion of mutation]
   143 | Abyss:1  | Gained mutation: Your skin changes colour to match your surroundings (Stealth+). [potion of mutation]
   146 | Abyss:1  | Noticed a great orb of eyes
   147 | D:1      | Escaped the Abyss
   232 | D:1      | Reached * piety under Lugonu
   272 | D:1      | Reached XP level 2. HP: 24/27 MP: 2/2
  1068 | D:2      | Reached XP level 3. HP: 33/33 MP: 3/3
  1275 | D:2      | Reached ** piety under Lugonu
  1277 | D:2      | Reached XP level 4. HP: 41/41 MP: 4/4
  1464 | D:2      | Found a shimmering altar of Xom.
  1818 | D:3      | Reached XP level 5. HP: 38/47 MP: 5/5
  1871 | D:3      | Noticed Ijyb
  1888 | D:3      | Killed Ijyb
  2074 | D:3      | Noticed Grinder
  2091 | D:3      | Paralysed by Grinder for 6 turns
  2102 | D:3      | Killed Grinder
  2102 | D:3      | Reached skill level 5 in Armour
  2102 | D:3      | Reached XP level 6. HP: 41/55 MP: 6/6
  2235 | D:3      | Reached skill level 5 in Fighting
  2286 | D:3      | Reached *** piety under Lugonu
  2491 | D:3      | Found a glowing golden altar of the Shining One.
  2619 | D:3      | Found a radiant altar of Vehumet.
  2639 | D:3      | Found an ancient bone altar of Kikubaaqudgha.
  2640 | D:3      | Found a deep blue altar of Sif Muna.
  2645 | D:3      | Identified Kikubaaqudgha's Catalogue of Black Rituals
  2839 | D:4      | Reached skill level 5 in Axes
  3297 | D:4      | Reached XP level 7. HP: 27/61 MP: 8/8
  4369 | D:5      | Entered Level 5 of the Dungeon
  4376 | D:5      | Found a staircase to the Ecumenical Temple.
  4418 | D:5      | Reached XP level 8. HP: 59/69 MP: 9/9
  4629 | D:5      | Found a sacrificial altar of Ru.
  4740 | D:5      | Found a sparkling altar of Nemelex Xobeh.
  5288 | D:5      | Reached **** piety under Lugonu
  5685 | D:6      | Slain by an orc warrior

Skill      XL: |  1  2  3  4  5  6  7  8 |
---------------+-------------------------+-----
Fighting       | 4 5 |  5.9
Armour         | 3 4 5 6 7 |  7.8
Invocations    | 2 3 4 |  4.2
Axes           | 3 4 5 6 7 |  7.1
Throwing       | |  0.8
Dodging        | |  1.4

Action                   |  1- 3 |  4- 6 |  7- 9 || total
-------------------------+-------+-------+-------++-------
Melee: Hand axe          |    74 |   161 |   158 ||   393
       Headbutt          |     4 |    25 |    35 ||    64
Throw: Tomahawk          |       |     1 |     5 ||     6
Invok: Depart the Abyss  |     1 |       |       ||     1
       Bend Space        |       |       |     1 ||     1
  Use: Potion            |     1 |       |     2 ||     3
       Scroll            |     4 |     1 |     6 ||    11
 Stab: Sleeping          |     1 |       |       ||     1
  Eat: Chunk             |     1 |     7 |     7 ||    15
Armor: Leather armour    |     5 |       |       ||     5
       Chain mail        |    58 |   103 |   108 ||   269
       Ring mail         |     1 |       |       ||     1
Dodge: Dodged            |    40 |    59 |    70 ||   169
       Deflected         |       |       |     7 ||     7
